cohdb
Replays
Latest Replays
All Replays
Popular Replays
Top Player Replays
Match Explorer
How It Works
Community
CoH3 Stats
Reddit
Sign in to upload your games and track your stats! →
Sign in with Steam
Match 41103327
Unlisted
Match 41103327
Overview
Messages
Build Orders
End
Construct Barracks
Selects Special Operations Battlegroup
Selects M29 Weasel Recon Vehicle
M29 Weasel Recon Vehicle
Riflemen Squad
Riflemen Squad
Construct Weapon Support Center
Infantry Support Center
Riflemen Squad
Selects Raiding Flares
Grenade Package
M3 Armored Personnel Carrier
M1919 Machine Gun Team
Selects SSF Commando Squad
Construct Tank Depot
SSF Commando Squad
M4(105) Sherman Bulldozer
Selects P-47 Anti-Infantry Loiter
P-47 Anti-Infantry Loiter
Riflemen Squad
SSF Commando Squad
Engineer Squad
aleX ツ
ixo4567
Clara
Panzer
pipiku
Metabolic
ManFrau
AquaFerret
0
0
Comments
sign in to comment!
No comments posted yet!